 Dungeon Crawl Stone Soup version 0.31.0-4-g52a2dc7128 (webtiles) character file.

Game seed: 16573006515465450922

1861 dwimo the Cleaver (level 8, -12/74 HPs)
             Began as a Minotaur Berserker on Jan 22, 2024.
             Was a Believer of Trog.
             Killed by divine providence
             ... invoked by an orc priest
              (15 damage)
             ... on level 6 of the Dungeon.
             The game lasted 00:19:01 (5289 turns).

dwimo the Cleaver (Minotaur Berserker)              Turns: 5289, Time: 00:19:02

Health: -12/74     AC:  9    Str: 25    XL:     8   Next: 89%
Magic:  7/7        EV:  9    Int:  4    God:    Trog [**....]
Gold:   241        SH:  0    Dex:  9    Spells: 7/7 levels left

rFire   . . .        a - +0 hand axe
rCold   . . .        (no shield)
rNeg    + . .        b - +0 chain mail
rPois   .            (helmet restricted)
rElec   .            (no cloak)
rCorr   .            h - +0 pair of gloves
SInv    .            (no boots)
Will    .....        (no amulet)
Stlth   x              - ring of positive energy
HPRegen 0.32/turn    (no ring)
MPRegen 0.10/turn

%: no passive effects
@: on berserk cooldown, slowed, very slow
A: horns 2, retaliatory headbutt
a: Renounce Religion, Berserk, Trog's Hand


You were on level 6 of the Dungeon.
You worshipped Trog.
Trog was pleased with you.
You visited 2 branches of the dungeon, and saw 7 of its levels.

You collected 241 gold pieces.

Inventory:

Hand Weapons
 a - a +0 hand axe (weapon)
Armour
 b - a +0 chain mail (worn)
 c - a +0 buckler
 h - a +0 pair of gloves (worn)
Jewellery
 x - a ring of positive energy (left hand)
Wands
 n - a wand of paralysis (4)
 u - a wand of flame (16)
Scrolls
 f - a scroll of vulnerability {unknown}
 g - 2 scrolls of fog {unknown}
 j - 3 scrolls of poison {unknown}
 k - 2 scrolls of silence {unknown}
 l - a scroll of torment {unknown}
 o - a scroll of enchant weapon {unknown}
 p - a scroll of fear {unknown}
 q - a scroll of teleportation {unknown}
 s - 2 scrolls of immolation {unknown}
 t - a scroll of noise {unknown}
 y - a scroll of revelation {unknown}
Potions
 d - 3 potions of curing
 e - 3 potions of enlightenment
 i - 2 potions of lignification
 m - a potion of mutation
 r - a potion of might
 v - 2 potions of heal wounds {unknown}
 w - a potion of haste {unknown}


   Skills:
 + Level 8.3 Fighting
 * Level 11.1 Axes
 - Level 2.4 Armour
 - Level 2.1 Dodging
 + Level 4.8 Shields


You had 7 spell levels left.
You didn't know any spells.
Your spell library was empty.

Dungeon Overview and Level Annotations

Branches:
Dungeon (6/15)             Temple (1/1) D:4

Altars:
Ashenzari
Cheibriados
Dithmenos
Elyvilon
Fedhas
Gozag
Hepliaklqana
Kikubaaqudgha
Makhleb
Nemelex Xobeh
Okawaru
Qazlal
Ru
Sif Muna
Trog
Uskayaw
Wu Jian
Xom
Yredelemnul
Zin
The Shining One

Shops:
D:1 [   D:4 *


Innate Abilities, Weirdness & Mutations

You have a pair of horns on your head.
You reflexively headbutt those who attack you in melee.


Message History

You kill the black bear!
Trog accepts your kill.
You slash the gnoll!
The gnoll is severely wounded.
You hit the gnoll but do no damage.
You headbutt the gnoll, but do no damage.
The gnoll is severely wounded.
The gnoll hits you with a +1 flail of protection.
* * * LOW HITPOINT WARNING * * *
You hit the gnoll but do no damage. You headbutt the gnoll.
The gnoll is almost dead.
You closely miss the gnoll.
The gnoll is almost dead.
The gnoll barely misses you.
You hit the gnoll but do no damage. You headbutt the gnoll.
You kill the gnoll!
Trog accepts your kill.
Your Axes skill increases to level 11!
You slash the black bear! You headbutt the black bear!
The black bear is almost dead.
You slash the black bear!
You kill the black bear!
Trog accepts your kill.
A hound comes into view.
An orc priest comes into view. It is wielding a +0 short sword.
The ogre hits you with a +0 giant club!!
* * * LOW HITPOINT WARNING * * *
Items here: )) ††.
The hound barks!
The orc priest shouts!
You hit the ogre.
The ogre is lightly wounded.
You hear a shout!
You slash the ogre!
The ogre is heavily wounded.
You are no longer berserk.
You are exhausted.
You feel yourself slow down.
The orc priest calls down the wrath of Beogh upon you.
Beogh smites you!
You die... ......##....###..# #. #. #######......#.### .O# ## #...##...## #oh

# ######)..###..# ..#
# ........###...#
##.. #
######...##...# ..# #
.#......######..##..#
## ### .###....##
#O....h.... #. ..##.
##....## #@#######+#
#. #.## ##......###.#
#. #.##.#...##...##.#
## .#...#... ##..'..#
# ..####..###...####
## .........##...# #.
.######......## #. .#
##....## .⌠...⌠. ##
.# ##....## ....... #


You could see an ogre, a hound and an orc priest.

Vanquished Creatures
  Menkaure (D:4)
  A water moccasin (D:5)
  Duvessa (D:4)
  2 sky beasts (D:6)
  2 black bears (D:6)
  An ice beast (D:6)
  An ogre (D:4)
  A kobold brigand (D:6)
  2 scorpions
  5 wights (D:6)
  A howler monkey (D:6)
  A bombardier beetle (D:5)
  A gnoll bouda (D:4)
  2 orc priests
  A sleepcap (D:5)
  5 hounds
  An iguana (D:4)
  An orc wizard (D:5)
  8 gnolls
  2 adders
  2 white imps (D:5)
  2 dart slugs (D:2)
  2 ribbon worms (D:2)
  7 orcs
  4 ball pythons
  4 bats
  3 endoplasms
  2 giant cockroaches
  7 goblins
  3 hobgoblins
  4 jackals (D:3)
  6 quokkas
  A frilled lizard (D:1)
  8 kobolds
  2 rats
97 creatures vanquished.

Notes
Turn   | Place    | Note
-------+----------+-------------------------------------------
     0 | D:1      | dwimo the Minotaur Berserker began the quest for the Orb.
     0 | D:1      | Reached XP level 1. HP: 19/19 MP: 0/0
    49 | D:1      | Reached skill level 4 in Axes
   118 | D:1      | Reached XP level 2. HP: 27/27 MP: 1/1
   198 | D:1      | Found Veozan's Antique Armour Shop.
   389 | D:1      | Found a faded altar of an unknown god.
   389 | D:1      | Noticed a Brimstone Fiend
  1313 | D:2      | Reached XP level 3. HP: 33/33 MP: 2/2
  1616 | D:4      | Reached skill level 5 in Axes
  1669 | D:4      | Reached XP level 4. HP: 23/41 MP: 3/3
  1669 | D:4      | Reached ** piety under Trog
  1988 | D:3      | Found a stormy altar of Qazlal.
  2532 | D:4      | Reached skill level 6 in Axes
  2536 | D:4      | Reached XP level 5. HP: 20/47 MP: 4/4
  2542 | D:4      | Reached skill level 5 in Fighting
  2868 | D:4      | Found a hazy altar of Hepliaklqana.
  2868 | D:4      | Noticed Menkaure
  2892 | D:4      | Killed Menkaure
  2893 | D:4      | Reached skill level 7 in Axes
  2893 | D:4      | Reached XP level 6. HP: 20/57 MP: 5/5
  3192 | D:4      | Found Oretiup's Neck Hole.
  3339 | D:4      | Found a staircase to the Ecumenical Temple.
  3394 | D:4      | Reached skill level 8 in Axes
  3394 | D:4      | Reached XP level 7. HP: 45/63 MP: 6/6
  3553 | D:4      | Noticed Duvessa
  3561 | D:4      | Killed Duvessa
  3726 | Temple   | Entered the Ecumenical Temple
  3796 | D:5      | Entered Level 5 of the Dungeon
  4277 | D:5      | Reached skill level 1 in Shields
  4287 | D:5      | Reached skill level 9 in Axes
  4827 | D:6      | Reached XP level 8. HP: 62/73 MP: 7/7
  4864 | D:6      | Reached skill level 10 in Axes
  5285 | D:6      | Reached skill level 11 in Axes
  5287 | D:6      | HP: 4/111 [ogre/+0 giant club (21)]
  5289 | D:6      | Killed from afar by an orc priest

Illustrated notes

Levels and vault maps discovered:
D:1:      scummos_arrival_hexagon, layout_basic, serial_shops, shop,
          dreamdust_ecumenical_altar_sealed_demon
D:2:      layout_basic
D:3:      layout_loops_ring, nicolae_qazlal_general_emergency,
          nicolae_grassy_gnolls
D:4:      layout_loops_ring, mainiacjoe_overflow_small_starburst,
          minmay_temple_entry_glassed_door, nicolae_shop_sticking_my_neck_out,
          uniq_duvessa, uniq_menkaure
D:5:      layout_loops_cross
D:6:      wad_guarded_room, layout_loops_ring, minmay_misc_feat_columns,
          kennysheep_windowed_goal
Temple:   hellmonk_temple_of_storms

Skill      XL: |  1  2  3  4  5  6  7  8 |
---------------+-------------------------+-----
Axes           | 4 5 6 7 8 9 11 | 11.1
Fighting       | 4 5 6 7 8 |  8.3
Shields        | 2 4 |  4.8
Armour         | |  2.4
Dodging        | |  2.1

Action                     |  1- 3 |  4- 6 |  7- 9 || total
---------------------------+-------+-------+-------++-------
  Melee: Hand axe          |    66 |    89 |   133 ||   288
         Headbutt          |    13 |    17 |    27 ||    57
         Punch             |       |       |     1 ||     1
 Invoke: Berserk           |     2 |     1 |     2 ||     5
    Use: Scroll            |       |       |     6 ||     6
 Armour: Scale mail        |    10 |       |       ||    10
         Chain mail        |    49 |    57 |    90 ||   196
  Dodge: Dodged            |    35 |    39 |    45 ||   119
